Map: 暮色之塔

Players

PsRush

  • Race: Protoss Protoss
  • League: Master

开局要打鸡儿盒饭

  • Race: Protoss Protoss
  • League: Master

doudou

  • Race: Terran Terran
  • League: Master

Psmoonsun

  • Race: Terran Terran
  • League: Master

Event: GPL 2015 - Grand Finals

VOD

Have the link to the VOD?

Description

Time

  • Played on: Jan. 16, 2016, 9:16 a.m.
  • Length: 19:59

All games in this series

Show
View Real Time Build Order
Export as new Build Order

PsRush Protoss 

Build Orders: 1 Gate Expand 

Get SALT Encoding   

  12  0:01  Probe (Chrono Boost)  
  13  0:11  Probe (Chrono Boost)  
  14  0:18  Pylon  
  14  0:22  Probe (Chrono Boost)  
  15  0:36  Gateway, Probe (Chrono Boost)  
  16  0:46  Probe (Chrono Boost)  
  16  0:47  Assimilator  
  18  0:57  Probe (Chrono Boost)  
  18  1:07  Probe (Chrono Boost)  
  19  1:18  Probe (Chrono Boost)  
  20  1:25  Nexus  
  20  1:28  Probe (Chrono Boost)  
  21  1:37  Cybernetics Core  
  21  1:39  Probe (Chrono Boost)  
  22  1:45  Assimilator  
  23  1:54  Probe (Chrono Boost)  
  23  1:55  Pylon  
  23  2:10  Adept  
  23  2:14  Probe (Chrono Boost)  
  26  2:17  Warp Gate  
  25  2:24  Twilight Council  
  25  2:26  Probe (Chrono Boost)  
  26  2:33  Adept  
  27  2:37  Probe (Chrono Boost)  
  27  2:38  Probe (Chrono Boost)  
  30  2:47  Robotics Facility  
  31  2:52  Probe (Chrono Boost)  
  31  2:53  Probe (Chrono Boost)  
  31  2:56  Resonating Glaives  
  31  2:57  Adept  
  32  3:04  Probe (Chrono Boost)  
  35  3:10  Probe (Chrono Boost)  
  36  3:16  Pylon  
  37  3:20  Probe (Chrono Boost)  
  37  3:22  Probe (Chrono Boost)  
  37  3:24  Adept  
  40  3:32  Probe (Chrono Boost)  
  40  3:33  Warp Prism  
  42  3:35  Probe (Chrono Boost)  
  44  3:53  Gateway  
  44  3:54  Gateway  
  44  3:57  Gateway  
  44  4:01  Probe (Chrono Boost)  
  44  4:02  Probe (Chrono Boost)  
  46  4:07  Observer  
  46  4:13  Probe (Chrono Boost)  
  46  4:14  Probe (Chrono Boost)  
  46  4:16  Pylon  
  49  4:18  Pylon  
  50  4:25  Probe (Chrono Boost)  
  50  4:27  Observer  
  51  4:34  Nexus  
  51  4:36  Blink  
  51  4:39  Probe (Chrono Boost)  
  51  4:41  Probe (Chrono Boost)  
  53  4:50  Observer  
  53  4:51  Probe (Chrono Boost)  
  54  4:58  Assimilator, Probe (Chrono Boost)  
  54  4:59  Assimilator  
  56  5:00  Pylon  
  56  5:02  Adept  
  56  5:03  Adept, Probe (Chrono Boost), Sentry  
  63  5:10  Probe (Chrono Boost)  
  63  5:11  Immortal  
  60  5:16  Pylon  
  60  5:20  Probe (Chrono Boost)  
  65  5:23  Adept x2  
  65  5:27  Probe (Chrono Boost)  
  70  5:33  Gateway  
  70  5:35  Gateway  
  70  5:40  Probe (Chrono Boost)  
  70  5:41  Probe (Chrono Boost)  
  72  5:44  Gateway  
  72  5:46  Probe (Chrono Boost)  
  72  5:48  Sentry  
  75  5:50  Sentry  
  75  5:52  Probe (Chrono Boost)  
  75  5:55  Immortal  
  79  5:57  Probe (Chrono Boost)  
  79  5:58  Probe (Chrono Boost)  
  84  6:04  Probe (Chrono Boost)  
  84  6:08  Pylon  
  84  6:11  Probe (Chrono Boost)  
  85  6:12  Mothership Core (Chrono Boost)  
  85  6:16  Probe (Chrono Boost)  
  85  6:17  Stalker  
  85  6:18  Stalker  
  92  6:23  Probe (Chrono Boost)  
  92  6:24  Stalker  
  95  6:28  Probe (Chrono Boost)  
  95  6:32  Probe (Chrono Boost)  
  97  6:35  Probe (Chrono Boost)  
  97  6:36  Observer  
  97  6:37  Pylon  
  97  6:39  Stalker x2, Pylon  
  103  6:42  Forge  
  103  6:46  Forge  
  103  6:50  Stalker  
  105  6:55  Stalker, Pylon  
  107  7:04  Stalker x3  
  113  7:09  Observer  
  113  7:14  Pylon  
  116  7:15  Probe x2 (Chrono Boost)  
  116  7:16  Assimilator  
  116  7:17  Assimilator  
  116  7:18  Stalker x2  
  116  7:20  Adept  
  116  7:22  Adept  
  124  7:32  Adept x3  
  130  7:40  Protoss Ground Armor Level 1  
  130  7:41  Protoss Ground Weapons Level 1  
  114  7:45  Adept x4  
  110  7:57  Probe (Chrono Boost)  
  109  7:59  Adept x2  
  109  8:00  Adept  
  109  8:04  Probe x2 (Chrono Boost)  
  117  8:06  Pylon  
  117  8:10  Immortal  
  117  8:12  Charge  
  121  8:28  Nexus  
  121  8:30  Stalker  
  121  8:31  Stalker x3  
  129  8:34  Pylon  
  129  8:43  Photon Cannon  
  129  8:44  Probe (Chrono Boost)  
  129  8:46  Photon Cannon  
  130  8:55  Zealot, Templar Archives  
  130  8:56  Zealot x2  
  130  9:02  Stargate  
  136  9:07  Pylon, Zealot x2  
  140  9:13  Pylon  
  140  9:19  Protoss Ground Armor Level 2  
  140  9:20  Protoss Ground Weapons Level 2  
  130  9:33  Stalker x3  
  130  9:34  Stalker x4  
  142  9:46  Probe x2 (Chrono Boost)  
  142  9:47  Probe (Chrono Boost)  
  142  9:55  Fleet Beacon  
  142  9:57  Immortal  
  142  9:58  Pylon  
  146  10:06  Psionic Storm  
  146  10:07  Zealot x2  
  146  10:08  Zealot  
  146  10:13  Adept  
  152  10:15  Adept  
  152  10:18  Assimilator  
  154  10:27  Stalker x2  
  158  10:29  Stalker  
  158  10:33  Pylon  
  160  10:36  Observer  
  155  10:49  Stalker x3  
  160  10:53  Tempest  
  160  10:54  Probe x3 (Chrono Boost)  
  167  10:57  Stargate  
  167  10:59  Observer  
  168  11:10  Probe (Chrono Boost)  
  166  11:11  Probe x3 (Chrono Boost)  
  166  11:14  Assimilator, Pylon  
  166  11:19  High Templar x2  
  166  11:20  Zealot x3  
  166  11:21  Zealot, High Templar  
  180  11:30  Tempest  
  180  11:31  Gateway, Pylon x2  
  180  11:33  Pylon  
  180  11:35  Pylon  
  184  11:41  Zealot x4  
  179  12:04  Protoss Ground Armor Level 3, Protoss Ground Weapons Level 3  
  150  12:09  Stalker, Zealot x4  
  150  12:10  Zealot x2  
  150  12:12  Tempest  
  163  12:32  Stalker x2  
  161  12:47  Zealot x5  
  149  12:59  Adept x2  
  149  13:03  Gateway  
  149  13:04  Pylon  
  149  13:05  Gateway  
  141  13:16  Probe x2 (Chrono Boost), Robotics Facility, Pylon  
  141  13:17  Probe (Chrono Boost)  
  141  13:18  High Templar x3  
  141  13:19  High Templar x2  
  154  13:24  Probe (Chrono Boost)  
  156  13:28  Probe (Chrono Boost)  
  156  13:31  Photon Cannon  
  156  13:33  Tempest  
  160  13:43  Probe (Chrono Boost)  
  163  13:48  Probe x2 (Chrono Boost)  
  159  14:10  Tempest  
  160  14:17  Warp Prism  
  160  14:19  Probe x3 (Chrono Boost)  
  164  14:27  Probe (Chrono Boost)  
  164  14:32  High Templar x4  
  164  14:33  High Templar x2  
  164  14:34  High Templar x2  
  180  14:38  Archon x2  
  180  14:39  Archon x2  
  180  14:43  Stalker  
  181  14:49  Pylon  
  181  14:51  Pylon  
  181  15:08  Pylon  
  181  15:19  Nexus  
  181  15:20  Pylon, Zealot  
  181  15:21  Zealot x3  
  179  15:22  Pylon  
  177  15:33  Zealot x5  
  189  15:35  Probe (Chrono Boost)  
  189  15:36  Probe (Chrono Boost)  
  189  15:37  Pylon  
  189  15:43  Stargate  
  189  15:44  Pylon  
  189  15:45  Adept  
  189  15:46  Adept  
  184  15:55  High Templar x2  
  144  16:15  Zealot x4  
  143  16:38  Zealot  
  143  16:39  Zealot x5  
  152  17:15  Robotics Facility  
  152  17:17  Robotics Facility  
  152  17:19  Protoss Shields Level 1 (Chrono Boost)  
  152  17:24  Probe  
  152  17:26  Assimilator  
  152  17:29  Assimilator  
  125  17:30  Archon  
  57  17:44  Zealot x5  
  57  17:46  Probe  
  64  17:53  Stalker  
  66  17:58  Probe x2  
  66  18:00  Probe  
  66  18:01  Probe  
  62  18:08  High Templar x3  
  62  18:11  High Templar  
  70  18:13  Probe  
  70  18:14  Probe  
  70  18:18  High Templar  
  74  18:20  High Templar  
  76  18:27  Probe  
  76  18:28  Probe x3  
  76  18:31  Observer  
  76  18:32  Observer  
  82  18:40  Phoenix  
  80  18:47  High Templar x2  
  80  19:03  Zealot x2  
  80  19:19  Archon, Zealot x2  
  79  19:36  Archon  
  67  19:41  Stalker  
  55  19:50  Archon  
Show
View Real Time Build Order
Export as new Build Order

开局要打鸡儿盒饭 Protoss 

Build Orders:  

Get SALT Encoding   

  12  0:00  SCV  
  13  0:13  SCV  
  14  0:17  Supply Depot  
  14  0:25  SCV  
  15  0:39  SCV  
  15  0:40  Barracks  
  16  0:44  Refinery  
  16  0:51  SCV  
  17  1:03  SCV  
  18  1:15  SCV  
  19  1:28  Orbital Command  
  19  1:34  Reaper  
  20  1:40  Command Center  
  20  1:49  Supply Depot  
  20  1:54  SCV  
  21  2:06  Barracks Reactor  
  21  2:09  SCV  
  21  2:10  Bunker  
  22  2:21  SCV  
  22  2:22  Factory  
  23  2:33  SCV  
  24  2:42  Marine x2  
  26  2:46  SCV  
  27  2:52  Orbital Command  
  27  2:58  SCV  
  28  3:00  Marine x2  
  28  3:05  Factory Tech Lab  
  30  3:10  Command Center, SCV  
  31  3:18  SCV  
  31  3:19  Marine x2  
  33  3:23  SCV  
  33  3:26  Cyclone  
  38  3:30  SCV  
  38  3:35  SCV  
  38  3:38  Engineering Bay  
  38  3:39  Marine x2  
  41  3:42  SCV  
  42  3:49  SCV  
  42  3:53  Supply Depot  
  43  3:56  SCV  
  43  3:57  Marine x2  
  43  3:58  Refinery  
  46  4:11  Barracks  
  46  4:12  Barracks  
  46  4:15  SCV x2, Supply Depot  
  48  4:20  Supply Depot  
  48  4:21  Missile Turret  
  48  4:24  Missile Turret  
  48  4:26  Orbital Command  
  48  4:29  SCV x2  
  48  4:30  Marine  
  51  4:31  Marine  
  51  4:35  Terran Infantry Weapons Level 1  
  52  4:39  Supply Depot  
  52  4:48  Marine  
  52  4:49  Cyclone  
  52  4:50  Marine  
  56  4:54  SCV  
  56  4:55  Refinery  
  56  4:59  Barracks Tech Lab  
  56  5:00  Marine  
  56  5:05  SCV  
  56  5:06  SCV, Marine  
  58  5:08  SCV, Marine  
  59  5:17  SCV  
  59  5:18  SCV, Stimpack  
  59  5:20  SCV  
  62  5:30  SCV x2  
  62  5:33  SCV  
  65  5:36  Missile Turret  
  65  5:40  Factory Reactor  
  65  5:41  Marine  
  65  5:42  SCV x2, Marine x2  
  70  5:45  SCV  
  70  5:47  Starport  
  71  5:54  SCV x2  
  73  5:58  SCV  
  73  6:02  Refinery  
  73  6:03  Barracks, Supply Depot  
  73  6:04  Barracks, Combat Shields, Marine x2  
  75  6:05  Marine, Supply Depot  
  75  6:06  Marine  
  75  6:08  Orbital Command  
  78  6:21  SCV, Marine x2  
  78  6:22  Liberator  
  78  6:24  Marauder, Marine  
  84  6:27  Factory Reactor  
  84  6:30  Supply Depot  
  84  6:31  Terran Infantry Armor Level 1  
  84  6:33  Supply Depot  
  84  6:35  Supply Depot  
  84  6:36  SCV x2  
  84  6:39  Marine x2  
  90  6:42  SCV  
  90  6:43  Marauder  
  94  6:48  SCV  
  94  6:50  Liberator  
  94  6:52  SCV  
  96  6:57  Missile Turret  
  96  7:01  Refinery  
  98  7:02  SCV  
  98  7:05  Refinery  
  98  7:06  Barracks Reactor  
  98  7:07  Widow Mine x2, Barracks Tech Lab  
  103  7:08  SCV  
  103  7:10  SCV  
  103  7:11  Marine  
  103  7:14  SCV  
  107  7:19  Marine  
  107  7:20  SCV  
  107  7:22  SCV  
  110  7:25  Marine  
  110  7:26  Marine x2  
  110  7:28  Marine  
  113  7:37  Marine  
  113  7:43  Marauder  
  99  7:44  Marauder x2, Marine  
  99  7:46  Marine x2  
  88  7:51  Medivac x2  
  88  7:55  Marine  
  88  7:57  Orbital Command  
  93  8:02  Widow Mine  
  93  8:04  Liberator  
  93  8:05  Marauder  
  97  8:06  Marauder x2, Marine  
  97  8:09  Marine  
  97  8:11  SCV  
  97  8:12  SCV  
  105  8:13  Starport  
  105  8:15  Marine  
  105  8:17  Supply Depot  
  109  8:28  Orbital Command  
  109  8:35  Marine  
  109  8:37  Marine  
  109  8:40  Marine  
  112  8:44  Medivac  
  112  8:45  Marauder, Widow Mine, Marine  
  112  8:47  Marine  
  120  8:51  Armory, Starport Tech Lab  
  120  8:53  Engineering Bay, SCV  
  120  8:54  SCV  
  122  8:56  SCV  
  122  8:57  Marine  
  122  8:59  Liberator  
  122  9:01  Refinery, Marine  
  125  9:05  SCV  
  125  9:08  Missile Turret  
  125  9:09  Refinery, SCV  
  127  9:11  SCV  
  127  9:13  Marine  
  127  9:14  Marauder x2, Supply Depot, Marine  
  127  9:15  Supply Depot  
  136  9:20  Widow Mine  
  136  9:21  Marine  
  136  9:24  Command Center  
  136  9:31  SCV, Marine  
  124  9:34  SCV  
  124  9:36  SCV  
  124  9:37  Marine x2  
  124  9:38  Marauder, Marine, Liberator  
  127  9:43  SCV  
  129  9:45  Supply Depot  
  129  9:46  Supply Depot  
  129  9:47  SCV  
  130  9:53  Barracks, SCV  
  130  9:54  Marauder, Marine  
  130  9:56  Barracks  
  130  9:58  Liberator, Terran Infantry Weapons Level 2, Supply Depot  
  137  10:03  Marauder, Marine  
  137  10:06  SCV  
  140  10:07  Marine  
  140  10:08  Terran Infantry Armor Level 2  
  139  10:15  Widow Mine, Missile Turret  
  139  10:17  Marine  
  139  10:20  Marauder, Marine  
  148  10:27  Marine  
  149  10:34  Medivac  
  151  10:37  Fusion Core  
  151  10:38  Marine x3  
  151  10:42  Barracks Tech Lab  
  154  10:43  Barracks Tech Lab  
  154  10:48  Missile Turret  
  154  10:49  Marine  
  154  10:52  Medivac, Marine x3  
  154  10:54  Terran Vehicle And Ship Armor Level 1  
  154  10:55  Marine x2  
  154  10:56  Marine  
  156  11:05  Liberator  
  156  11:06  Marine  
  156  11:07  Marauder, Planetary Fortress, Marine  
  156  11:08  SCV  
  156  11:09  SCV  
  156  11:10  Marauder x2  
  162  11:11  Marauder  
  162  11:13  Marine  
  162  11:15  Marine  
  166  11:20  Marine  
  166  11:21  Liberator  
  166  11:23  Refinery  
  166  11:25  Marauder  
  171  11:28  Marauder, Advanced Ballistics  
  171  11:30  Refinery  
  175  11:42  Concussive Shells  
  175  11:46  Marine  
  178  11:47  Marauder  
  178  11:52  Marine  
  177  11:57  Liberator x2  
  177  12:00  Marine x2  
  177  12:01  Marauder x4  
  181  12:04  Marine  
  181  12:07  Marine  
  165  12:10  Marine  
  170  12:18  Marine x2  
  170  12:22  Marauder x3, Marine  
  179  12:25  Starport, Marine  
  180  12:32  Marauder, Marine  
  180  12:36  Marine x2  
  178  12:43  Marauder x2  
  176  12:46  Medivac  
  176  12:47  Marauder x2, Marine  
  171  12:52  Marine  
  171  12:53  Marauder  
  171  12:55  Ghost Academy  
  171  12:56  Medivac  
  171  12:57  Medivac  
  178  13:02  SCV  
  176  13:07  Marine  
  176  13:09  Starport Reactor  
  166  13:16  Medivac  
  166  13:19  Sensor Tower, SCV x3  
  166  13:24  Marauder x2  
  166  13:25  Marauder, Marine  
  166  13:26  Viking  
  173  13:35  Marine  
  173  13:41  Terran Infantry Weapons Level 3  
  173  13:42  Terran Infantry Armor Level 3  
  173  13:45  Terran Vehicle And Ship Armor Level 2, Viking, Marine  
  173  13:46  Marauder x2  
  173  13:47  Marauder, Marine  
  173  13:48  Marine  
  184  13:51  Supply Depot  
  184  13:54  Ghost  
  185  14:06  Marauder, Marine  
  185  14:09  Supply Depot  
  188  14:10  Supply Depot  
  188  14:12  Marine, Ghost  
  188  14:13  Marauder  
  193  14:22  Ghost  
  195  14:29  Missile Turret  
  195  14:30  Marine  
  196  14:33  Liberator  
  196  14:36  Missile Turret  
  196  14:41  Command Center  
  198  15:04  Ghost  
  199  15:22  Supply Depot  
  199  15:23  Supply Depot  
  199  15:26  Supply Depot  
  199  15:27  Supply Depot  
  199  15:32  Missile Turret  
  199  15:40  Command Center  
  199  15:43  Command Center  
  199  15:56  Liberator x5  
  195  16:01  Terran Ship Weapons Level 1  
  164  16:11  Ghost  
  164  16:12  Ghost  
  164  16:14  Marauder, Marine  
  164  16:16  Marine  
  164  16:18  Marine  
  170  16:37  Marine  
  170  16:38  Marauder, Marine, Ghost  
  160  16:47  Marine  
  160  16:48  Marauder  
  160  16:50  Marine  
  164  16:55  Medivac  
  164  16:56  Medivac  
  164  17:00  Orbital Command x2  
  165  17:07  Planetary Fortress  
  128  17:31  Marine  
  128  17:32  Marauder, Marine x2  
  128  17:33  Marauder x3, Viking x2, Marine  
  128  17:35  Marine  
  113  17:45  Liberator  
  113  17:49  Marine  
  113  17:50  Liberator, Marine x3  
  113  17:53  Marauder x2, SCV x2  
  113  17:55  Marine  
  113  17:56  SCV x2  
  120  18:07  Marine  
  120  18:08  Marauder  
  120  18:09  Marine  
  120  18:10  Marauder, Marine  
  129  18:14  Marauder  
  129  18:15  Refinery x2  
  129  18:16  Liberator, Marine  
  129  18:19  Marine  
  135  18:20  Marauder  
  135  18:21  Liberator x2  
  135  18:25  Marine  
  136  18:29  Marauder  
  136  18:30  Orbital Command  
  136  18:33  Marine, Liberator  
  144  18:34  Marauder  
  144  18:36  Marauder, Marine  
  152  18:43  Supply Depot, Marine  
  152  18:44  Marauder  
  155  18:48  Medivac  
  160  18:59  Liberator  
  160  19:01  Marauder x2, Marine  
  160  19:02  Marine  
  165  19:07  Marine  
  165  19:08  Marauder  
  170  19:17  Marauder, Marine  
  170  19:22  Marauder, Marine  
  182  19:30  Marauder, Marine  
Show
View Real Time Build Order
Export as new Build Order

doudou Terran 

Build Orders:  

Get SALT Encoding   

Show
View Real Time Build Order
Export as new Build Order

Psmoonsun Terran 

Build Orders:  

Get SALT Encoding   

Tags
 
Add a new tag
Caveats
  • Supply blocks, unpowered buildings, or Contaminate may cause inaccurate times.
  • Supply counts are checked every 10 seconds.